 Dungeon Crawl Stone Soup version 0.30-a0-218-gedb9141078 (webtiles) character file.

Game seed: 14541449782966039930

5429 bande the Cleaver (level 10, 0/63 HPs)
             Began as a Gargoyle Fighter on Oct 5, 2022.
             Was a Priest of Okawaru.
             Slain by a freezing wraith (9 damage)
             ... led by a death knight
             ... on level 2 of the Abyss.
             The game lasted 00:14:30 (7542 turns).

bande the Cleaver (Gargoyle Fighter)                Turns: 7542, Time: 00:14:31

Health: 0/63       AC: 24    Str: 23    XL:     10   Next: 67%
Magic:  13/13      EV: 12    Int: 10    God:    Okawaru [***...]
Gold:   545        SH:  6    Dex: 18    Spells: 9/9 levels left

rFire   . . .      SeeInvis .    a - +1 war axe
rCold   . . .      Faith    .    c - +0 buckler
rNeg    + . .      Spirit   .    s - +0 chain mail
rPois   ∞          Reflect  .    D - +0 helmet of the Cartwright {Drain Will+ Str+4 Dex+5}
rElec   +          Harm     .    y - +0 cloak
rCorr   +          Rampage  .    f - +0 pair of gloves
Will    +....      Rage     3%   B - +1 pair of boots
Stlth   ..........               (no amulet)
HPRegen 1.10/turn                e - ring of resist corrosion
MPRegen 0.13/turn                G - +4 ring of evasion

@: no status effects
A: sickness immunity, AC +7, negative energy resistance 1, electricity
resistance, torment resistance 1, petrification resistance, talons 1, berserk 1,
regeneration 1
a: Renounce Religion, Heroism


You were on level 2 of the Abyss.
You worshipped Okawaru.
Okawaru was most pleased with you.
You visited 3 branches of the dungeon, and saw 10 of its levels.
You visited the Abyss 1 time.
You also visited: Gauntlet.

You collected 545 gold pieces.

Inventory:

Hand Weapons
 a - a +1 war axe (weapon)
 d - a +0 war axe
 r - a +0 flail
Missiles
 k - 2 throwing nets (quivered)
Armour
 c - a +0 buckler (worn)
 f - a +0 pair of gloves (worn)
 s - a +0 chain mail (worn)
 x - a +0 helmet
 y - a +0 cloak (worn)
 B - a +1 pair of boots (worn)
 D - the +0 helmet of the Cartwright (worn) {Drain Will+ Str+4 Dex+5}
   (You found it on level 8 of the Dungeon)

   Str:       It affects your strength (+4).
   Dex:       It affects your dexterity (+5).
   Drain:     It drains your maximum health when unequipped.
   Will:      It increases your willpower.
Jewellery
 e - a ring of resist corrosion (left hand)
 F - a ring of magical power
 G - a +4 ring of evasion (right hand)
Wands
 b - a wand of charming (4)
 q - a wand of iceblast (8)
 u - a wand of flame (30)
 v - a wand of acid (20)
 E - a wand of polymorph (6)
Scrolls
 o - a scroll of blinking
 C - 3 scrolls of teleportation
Potions
 g - 2 potions of curing
 h - 2 potions of resistance
 i - 3 potions of brilliance
 j - 4 potions of heal wounds
 l - 4 potions of mutation
 m - 2 potions of flight
 n - a potion of ambrosia {unknown}
 p - 2 potions of cancellation
 t - a potion of invisibility {unknown}
 w - a potion of might
 z - a potion of magic {unknown}
 A - a potion of lignification {unknown}


   Skills:
 + Level 7.1 Fighting
 + Level 9.6 Axes
 + Level 7.6 Armour
 + Level 5.6 Shields
 * Level 4.0 Invocations
 * Level 5.1 Evocations


You had 9 spell levels left.
You didn't know any spells.
Your spell library contained the following spells:

 Spells                   Type           Power      Damage    Failure   Level
 Sandblast                Erth           0%         2d4       97%         1
 Ensorcelled Hibernation  Hex/Ice        0%         N/A       99%         2
 Passwall                 Tmut/Erth      0%         N/A       99%         2
 Scorch                   Fire           0%         2d5       99%         2
 Gell's Gravitas          Tloc           0%         N/A       100%        3
 Inner Flame              Hex/Fire       0%         N/A       100%        3
 Lesser Beckoning         Tloc           0%         N/A       100%        3
 Spider Form              Tmut/Pois      0%         N/A       100%        3
 Stone Arrow              Conj/Erth      0%         3d7       100%        3
 Teleport Other           Tloc           0%         N/A       100%        3
 Anguish                  Hex/Necr       0%         N/A       100%        4
 Flame Wave               Conj/Fire      0%         2d4       100%        4
 Petrify                  Tmut/Erth      0%         N/A       100%        4
 Sticky Flame             Conj/Fire      0%         2d3       100%        4
 Irradiate                Conj/Tmut      0%         3d11      100%        5
 Sublimation of Blood     Necr           Unusable   N/A       N/A         2
 Summon Cactus Giant      Summ           Unusable   N/A       N/A         6

Dungeon Overview and Level Annotations

Branches:
Dungeon (8/15)             Temple (1/1) D:7            Lair (1/5) D:8
Gauntlet (visited)

Altars:
Cheibriados
Fedhas
Gozag
Nemelex Xobeh
Okawaru
Uskayaw
Wu Jian
Zin

Annotations:
Gauntlet 4 transporters


Innate Abilities, Weirdness & Mutations

You are immune to sickness and miasma.
Your stone body is resilient. (AC +7)
You are immune to poison.
You resist negative energy. (rN+)
You are resistant to electric shocks. (rElec)
You are resistant to unholy torment.
You are immune to petrification.
You have sharp toenails.
You sometimes lose your temper in combat.
Your natural rate of healing is unusually fast.


Message History

A freezing wraith comes into view.
The phantasmal warrior gestures at you.
The phantasmal warrior blinks!
The phantasmal warrior misses you.
You slash the phantasmal warrior!
The phantasmal warrior is lightly damaged.
The phantasmal warrior hits you but does no damage.
You barely miss the phantasmal warrior.
The phantasmal warrior is lightly damaged.
The phantasmal warrior hits you!
You hit the phantasmal warrior but do no damage.
The phantasmal warrior is lightly damaged.
A freezing wraith comes into view.
The phantasmal warrior hits you but does no damage.
You hit the phantasmal warrior.
The phantasmal warrior is lightly damaged.
You completely miss the freezing wraith.
The phantasmal warrior hits you. The freezing wraith hits you.
The freezing wraith freezes you!
The freezing wraith hits you but does no damage.
You closely miss the phantasmal warrior.
The phantasmal warrior is lightly damaged.
You completely miss the freezing wraith.
A small abomination comes into view.
The freezing wraith misses you. The freezing wraith closely misses you.
The phantasmal warrior hits you!
Unknown command.
You hit the phantasmal warrior.
The phantasmal warrior is moderately damaged.
You hit the freezing wraith. The phantasmal warrior hits you!
* * * LOW HITPOINT WARNING * * *
The freezing wraith hits you but does no damage.
The freezing wraith barely misses you.
Unknown command.
You barely miss the phantasmal warrior.
The phantasmal warrior is moderately damaged.
You hit the freezing wraith. You barely miss the freezing wraith.
The phantasmal warrior hits you but does no damage.
You block the freezing wraith's attack. The freezing wraith hits you!
You die...

##
##.#...##....#
. ##.#..#....
.#. . ## . .#.
#. # #. .
.....# .
.##.....
##..####.# # .
##.# . # ##..#
.. #W@.# #
#..WW## .
#.#..# ...##x#
..#. ##. . . .
. ##


You could see a phantasmal warrior, 2 freezing wraiths and a small abomination.

Vanquished Creatures
  The ghost of bchevrier the Slasher, a novice TrFi of Ignis (D:5)
  An orange demon (Abyss:2)
  2 ancient zymes (Abyss:2)
  A harpy skeleton (Abyss:2)
  A hornet (D:8)
  A small abomination (Abyss:2)
  Sigmund (D:4)
  A yak (D:8)
  The ghost of Darkkill the Shooter, an amateur HuHu (D:2)
  Menkaure (D:5)
  5 water moccasins
  3 ice beasts
  5 black bears
  An ogre (D:7)
  A sky beast (D:8)
  A centaur (D:5)
  A phantom (D:6)
  A kobold brigand (D:2)
  7 bullfrogs
  2 necrophages
  2 scorpions
  A wight (D:4)
  3 hounds
  A gnoll bouda (D:7)
  4 orc priests
  Crazy Yiuf (D:5)
  Terence (D:2)
  4 orc wizards
  5 iguanas
  Natasha (thrice) (D:2)
  6 adders
  9 gnolls
  A shadow imp (Gauntlet)
  2 white imps
  2 worms
  5 dart slugs
  26 orcs
  4 endoplasms
  8 giant cockroaches
  4 goblins
  5 hobgoblins
  2 jackals
  13 kobolds
  2 quokkas
  7 ball pythons
  4 bats
  A frilled lizard (D:1)
  4 rats
168 creatures vanquished.

Vanquished Creatures (others)
  28 fungi
  51 plants
  2 withered plants (Gauntlet)
81 creatures vanquished.

Grand Total: 249 creatures vanquished

Notes
Turn   | Place    | Note
-------+----------+-------------------------------------------
     0 | D:1      | bande the Gargoyle Fighter began the quest for the Orb.
     0 | D:1      | Reached XP level 1. HP: 14/14 MP: 1/1
    61 | D:1      | Reached XP level 2. HP: 19/19 MP: 2/2
   126 | D:1      | Reached skill level 2 in Axes
   543 | D:2      | Noticed Terence
   554 | D:2      | Gained mutation: Your natural rate of healing is unusually
                  | fast. [potion of mutation]
   554 | D:2      | Gained mutation: You sometimes lose your temper in combat.
                  | [potion of mutation]
   554 | D:2      | Gained mutation: You have sharp toenails. [potion of
                  | mutation]
   556 | D:2      | Killed Terence
   557 | D:2      | Reached XP level 3. HP: 7/23 MP: 3/3
   754 | D:2      | Noticed Natasha
   762 | D:2      | Killed Natasha
   763 | D:2      | Reached XP level 4. HP: 29/29 MP: 4/4
   884 | D:2      | Found a faded altar of an unknown god.
   884 | D:2      | Noticed Natasha
   894 | D:2      | HP: 1/29 [Natasha (4)]
   895 | D:2      | Killed Natasha
   896 | D:2      | Reached skill level 3 in Axes
  1021 | D:2      | Noticed Natasha
  1028 | D:2      | Killed Natasha
  1029 | D:2      | Reached XP level 5. HP: 29/33 MP: 5/5
  2407 | D:3      | Found a runed translucent gate.
  2407 | D:3      | Found a runed translucent gate.
  2407 | D:3      | Found a runed translucent gate.
  2409 | D:3      | Noticed Darkkill's ghost (amateur HuHu)
  2410 | D:3      | Noticed a kobold brigand
  2468 | D:3      | Found a hide-covered altar of Uskayaw.
  2642 | D:2      | Killed a kobold brigand
  2643 | D:2      | Reached skill level 4 in Axes
  2643 | D:2      | Reached XP level 6. HP: 25/38 MP: 6/6
  2780 | D:2      | Killed Darkkill's ghost
  2781 | D:2      | Reached skill level 5 in Armour
  2890 | D:4      | Noticed Sigmund
  2899 | D:4      | Killed Sigmund
  2900 | D:4      | Reached skill level 5 in Axes
  2900 | D:4      | Reached XP level 7. HP: 44/44 MP: 7/7
  3190 | D:4      | Found a runed translucent gate.
  3191 | D:4      | Found a runed translucent gate.
  3191 | D:4      | Found an opulent altar of Gozag.
  3194 | D:4      | Found a runed translucent gate.
  3198 | D:4      | Noticed bchevrier's ghost (novice TrFi)
  3243 | D:4      | Reached skill level 1 in Evocations
  3515 | D:5      | Entered Level 5 of the Dungeon
  3685 | D:5      | Killed bchevrier's ghost
  3686 | D:5      | Reached skill level 5 in Fighting
  3686 | D:5      | Reached skill level 6 in Axes
  3686 | D:5      | Reached XP level 8. HP: 49/49 MP: 8/8
  3966 | D:5      | Reached skill level 7 in Axes
  4156 | D:5      | Noticed Menkaure
  4162 | D:5      | Killed Menkaure
  4163 | D:5      | Reached XP level 9. HP: 11/55 MP: 9/9
  4804 | D:5      | Found a runed translucent door.
  4805 | D:5      | Noticed Crazy Yiuf
  4903 | D:5      | Killed Crazy Yiuf
  5628 | D:7      | Found a staircase to the Ecumenical Temple.
  5720 | Temple   | Entered the Ecumenical Temple
  5738 | Temple   | Became a worshipper of Warmaster Okawaru
  5834 | D:7      | Identified the +0 leather armour "Dooladgh" {Dex+5}
  5929 | D:7      | Reached skill level 8 in Axes
  5956 | D:7      | Reached skill level 1 in Invocations
  5989 | D:7      | Reached skill level 5 in Shields
  6410 | D:7      | Found a glowing silver altar of Zin.
  6477 | D:8      | Identified the +0 helmet of the Cartwright {Drain Will+
                  | Str+4 Dex+5}
  6541 | D:8      | Reached * piety under Okawaru
  6606 | D:8      | Reached XP level 10. HP: 61/61 MP: 11/11
  6611 | D:8      | Found a staircase to the Lair.
  6747 | D:8      | Reached skill level 9 in Axes
  6760 | D:8      | Found an ornate altar of the Wu Jian Council.
  6769 | D:8      | Found a snail-covered altar of Cheibriados.
  6873 | D:8      | Reached ** piety under Okawaru
  7309 | Lair:1   | Entered Level 1 of the Lair of Beasts
  7310 | Lair:1   | Found a gate leading to a gauntlet.
  7329 | Gauntlet | Entered a Gauntlet
  7329 | Gauntlet | Noticed a wizard
  7329 | Gauntlet | Noticed a wizard
  7329 | Gauntlet | Found a transporter.
  7339 | Gauntlet | Found a transporter.
  7354 | Gauntlet | Noticed a wretched star
  7365 | Gauntlet | Found a transporter.
  7375 | Gauntlet | Found a transporter.
  7375 | Gauntlet | Found a transporter.
  7384 | Abyss:2  | Cast into level 2 of the Abyss (a wizard)
  7468 | Abyss:2  | Noticed an orange demon
  7493 | Abyss:2  | Killed an orange demon
  7494 | Abyss:2  | Reached skill level 5 in Evocations
  7517 | Abyss:2  | Reached *** piety under Okawaru
  7518 | Abyss:2  | Noticed a deep elf elementalist
  7532 | Abyss:2  | Noticed a phantasmal warrior
  7542 | Abyss:2  | Slain by a freezing wraith

Illustrated notes

Levels and vault maps discovered:
D:1:      lemuel_arrival_funnel, layout_basic, minmay_misc_feat_more_columns
D:2:      layout_loops_corners, dreamdust_ecumenical_altar_grove,
          kennysheep_doodads, minmay_between, uniq_terence, uniq_natasha
D:3:      layout_basic, nicolae_uskayaw_suspiria, gammafunk_ghost_nasty_kobolds,
          serial_glass, glass_columns_c, glass_columns_b, glass_columns_a,
          glass_columns_b, glass_columns_a, glass_columns_a
D:4:      layout_basic, ebering_ghost_gozag, corexii_item_surrounded_by_moat,
          hangedman_decor_growths, wad_rectangle_vault, uniq_sigmund
D:5:      layout_loops_corners, chequers_serial_rivers_small_b, hex_medium,
          uniq_crazy_yiuf_cottage, uniq_menkaure
D:6:      layout_basic
D:7:      layout_basic, zin_scriptorium, minmay_temple_entry_trees,
          st_stairs_10, grunt_decor_cap
D:8:      layout_basic, mainiacjoe_overflow_swirl, due_lair_maze_entry_diamond
Temple:   bh_familiar_temple
Lair:1:   layout_regular_city, gauntlet_entry_generic
Abyss:2:  base: D:12, minivault_25_ag
Gauntlet: minmay_gauntlet_mixed_oops_all_seconds
          [minmay_gauntlet_arena_77_double_cross, nicolae_gauntlet_arena_blocks,
          minmay_gauntlet_arena_77_mirror, gammafunk_gauntlet_arena_mazey,
          minmay_gauntlet_arena_77_box, gammafunk_gauntlet_arena_spirals,
          nicolae_gauntlet_exit_dead_adventurers]

Skill      XL: |  1  2  3  4  5  6  7  8  9 10 |
---------------+-------------------------------+-----
Axes           | 2 3 4 5 6 7 8 9 |  9.6
Armour         | 4 5 6 7 |  7.6
Fighting       | 4 5 6 7 |  7.1
Shields        | 4 5 |  5.6
Evocations     | 2 3 4 5 |  5.1
Invocations    | 2 4 |  4.0

Action                   |  1- 3 |  4- 6 |  7- 9 | 10-12 || total
-------------------------+-------+-------+-------+-------++-------
Melee: War axe           |    54 |   133 |   327 |    88 ||   602
       Kick              |     4 |    37 |    51 |       ||    92
  Use: Potion            |     2 |       |     1 |       ||     3
       Scroll            |       |       |    19 |       ||    19
Armor: Scale mail        |    35 |    43 |       |       ||    78
       Chain mail        |       |    29 |   231 |   115 ||   375
Dodge: Dodged            |    24 |    66 |   110 |    59 ||   259
Block: Buckler           |    11 |    35 |    67 |    55 ||   168

Table legend: (Time is in decaauts)
 A = Elapsed time spent in this place.
 B = Non-inter-level travel time spent in this place.
 C = Inter-level travel time spent in this place.
 D = Time resting spent in this place.
 E = Time spent auto-exploring this place.
 F = Levels seen in this place.
 G = Mean time per level.
                   A        B        C        D        E       F      G
               +--------+--------+--------+--------+--------+-----+--------+
         Total |   7828 |   7494 |    334 |    923 |   4739 |  12 |  652.3 |
       Dungeon |   7558 |   7224 |    334 |    923 |   4718 |   8 |  944.8 |
        Temple |     30 |     30 |      0 |      0 |     12 |   1 |   30.0 |
          Lair |     19 |     19 |      0 |      0 |      0 |   1 |   19.0 |
         Abyss |    164 |    164 |      0 |      0 |      9 |   1 |  164.0 |
      Gauntlet |     55 |     55 |      0 |      0 |      0 |   1 |   55.0 |
               +--------+--------+--------+--------+--------+-----+--------+

Top non-repeatable levels by time:
     D:2: 1449 daAuts
     D:5: 1434 daAuts
     D:3: 971 daAuts
     D:8: 883 daAuts
     D:7: 859 daAuts
     D:4: 807 daAuts
     D:6: 595 daAuts
     D:1: 557 daAuts
 Abyss:2: 164 daAuts
Gauntlet: 55 daAuts
  Temple: 30 daAuts
  Lair:1: 19 daAuts
